 Dungeon Sprint DCSS version 0.28-a0-224-g76b539d98b (webtiles) character file.

Game seed: 12553883926204018981

188 tbh1313 the Ducker (level 5, -3/46 HPs)
             Began as a Gnoll Wanderer on Aug 22, 2021.
             Slain by a fire elemental (11 damage)
             ... summoned by a deep elf pyromancer
             ... in the Dungeon (Sprint III: "The Ten Rune Challenge").
             The game lasted 00:01:29 (227 turns).

tbh1313 the Ducker (Gnoll Wanderer)                  Turns: 227, Time: 00:01:30

Health: -3/46      AC:  2    Str: 11    XL:     5   Next: 67%
Magic:  10/10      EV: 15    Int:  8    God:
Gold:   31         SH:  0    Dex: 14    Spells: 11/11 levels left

rFire   . . .      SeeInvis .   a - +2 dagger
rCold   . . .      Faith    .   (no shield)
rNeg    . . .      Spirit   .   d - +0 robe
rPois   .          Reflect  .   (no helmet)
rElec   +          Harm     .   (no cloak)
rCorr   .          Rampage  .   (no gloves)
Will    .....      NoTele   +   (no boots)
Stlth   +++.......              (no amulet)
HPRegen 1.15/turn               (no ring)
MPRegen 0.12/turn               (no ring)

@: no status effects
A: fangs 1, strong nose, distributed training, dopey 1, regeneration 1,
electricity resistance, sturdy frame 1
a: no special abilities


You were in the Dungeon.
You visited 1 branch You collected 31 gold pieces.

Inventory:

Hand Weapons
 a - a +2 dagger (weapon)
 c - a +0 falchion
Armour
 d - a +0 robe (worn)
Scrolls
 b - 2 scrolls of blinking
 e - a scroll of holy word {unknown}
 i - 2 scrolls of identify
 k - a scroll of amnesia
 l - a scroll of immolation {unknown}
Potions
 g - a potion of haste
 h - 2 potions of magic
 j - 3 potions of flight
 m - 5 potions of mutation


   Skills:
 + Level 6.0 Fighting
 + Level 3.8 Short Blades
 + Level 3.8 Long Blades
 + Level 3.8 Axes
 + Level 3.8 Maces & Flails
 + Level 3.8 Polearms
 + Level 4.6 Staves
 + Level 3.8 Slings
 + Level 3.8 Bows
 + Level 3.8 Crossbows
 + Level 3.8 Throwing
 + Level 3.8 Armour
 + Level 7.6 Dodging
 + Level 5.7 Stealth
 + Level 3.8 Shields
 + Level 6.0 Unarmed Combat
 + Level 3.8 Spellcasting
 + Level 3.1 Conjurations
 + Level 3.1 Hexes
 + Level 3.1 Summonings
 + Level 3.1 Necromancy
 + Level 3.1 Translocations
 + Level 3.1 Transmutations
 + Level 3.1 Fire Magic
 + Level 3.1 Ice Magic
 + Level 3.1 Air Magic
 + Level 3.1 Earth Magic
 + Level 3.1 Poison Magic
 + Level 4.1 Invocations
 + Level 3.8 Evocations


You had 11 spell levels left.
You didn't know any spells.
Your spell library contained the following spells:

 Spells                   Type           Power      Damage    Failure   Level
 Ignite Poison            Fire/Tmut/Pois 6%         N/A       26%         3
 Mephitic Cloud           Conj/Pois/Air  6%         N/A       26%         3
 Bolt of Magma            Conj/Fire/Erth 3%         4d5       93%         5


Dungeon Overview and Level Annotations

Branches:
Dungeon (1/1)

Altars:
Elyvilon
Kikubaaqudgha
Sif Muna
Vehumet
Zin
The Shining One


Innate Abilities, Weirdness & Mutations

You have very sharp teeth.
Your uncanny sense of smell can sniff out nearby items.
Your experience applies equally to all skills.
You are dopey. (Int -2)
Your natural rate of healing is unusually fast.
You are resistant to electric shocks. (rElec)
Your movements are slightly less encumbered by armour. (ER -2)


Message History

Found a potion of heal wounds.
There is an open door here.
The deep elf pyromancer shouts!
The deep elf pyromancer mumbles some strange words.
The deep elf pyromancer barely misses you.
The fire elemental closely misses you. The fire elemental hits you.
The fire elemental burns you!
Sorry, you're not good enough to have a special ability.
Okay, then.
Okay, then.
You closely miss the deep elf pyromancer.
The deep elf pyromancer casts a spell.
The fire elemental hits you. The fire elemental burns you!
The fire elemental completely misses you.
You closely miss the deep elf pyromancer.
The fire elemental barely misses you. The fire elemental closely misses you.
The deep elf pyromancer casts a spell at you.
The sticky flame hits you!
You are covered in liquid flames!
The fire elemental closely misses you.
You feel much better.
You are covered in liquid flames!
You are no longer on fire.
The fire elemental closely misses you.
The fire elemental completely misses you.
The fire elemental misses you.
The deep elf pyromancer hits you with a +1 long sword of holy wrath!
Sorry, you're not good enough to have a special ability.
You closely miss the deep elf pyromancer.
Your bite misses the deep elf pyromancer.
The fire elemental closely misses you. The fire elemental hits you.
The fire elemental burns you! The fire elemental hits you.
The fire elemental burns you!
* * * LOW HITPOINT WARNING * * *
The deep elf pyromancer closely misses you.
You hit the deep elf pyromancer.
Your bite misses the deep elf pyromancer.
The deep elf pyromancer is lightly wounded.
The fire elemental hits you. The fire elemental burns you!
You die...

▓▓▓▓▓ ▓▓▓ #...####
##.#####
#......#####..#_EE# ∆
#.......#..#..#e@.# ∆ ∆
##.##..†#..#..###E#+###+#
##.###..##'#..#..........
###.##..###...'.⌠........
#..##..####...#...######+
...##..###....#.⌠.#
..##...##.....#...#∆
.##....#†.....#'###
###..##.#.....#.))#


You could see a deep elf pyromancer and 3 fire elementals.

Levels and vault maps discovered:
D:        dungeon_sprint_mu [sprint_mu_entry_cave, sprint_mu_temple_rooms,
          sprint_mu_d1_spiders, sprint_mu_d2_genie, sprint_mu_d3_branching,
          sprint_mu_orc_legion, sprint_mu_elf_gauntlet, sprint_mu_hive_nellie,
          sprint_mu_lair_fedhas, sprint_mu_vaults_butterflies,
          sprint_mu_slime_circle, sprint_mu_shoals_archi,
          sprint_mu_snake_twists, sprint_mu_blade_basic,
          sprint_mu_crypt_fortress, sprint_mu_tomb_spiral,
          sprint_mu_vestibule_basic, sprint_mu_gehenna_hellfire,
          sprint_mu_dis_giant, sprint_mu_tartarus_statrot,
          sprint_mu_cocytus_islands, sprint_mu_zot1]

Notes
Turn   | Place    | Note
-------+----------+-------------------------------------------
     0 | D        | tbh1313 the Gnoll Wanderer began the quest for the Orb.
     0 | D        | tbh1313 set off with the following items: a +2 dagger, 2
                  | scrolls of blinking, a +0 falchion, a +0 robe, a potion of
                  | curing, a potion of heal wounds, a potion of haste, 2
                  | potions of magic, a potion of berserk rage
     0 | D        | Reached XP level 1. HP: 20/20 MP: 1/1
    51 | D        | Noticed a scorpion
    65 | D        | Killed a scorpion
    66 | D        | Reached skill level 5 in Fighting
    66 | D        | Reached skill level 7 in Dodging
    66 | D        | Reached skill level 5 in Unarmed Combat
    66 | D        | Reached XP level 2. HP: 27/27 MP: 1/5
    66 | D        | Reached XP level 3. HP: 33/33 MP: 1/6
    66 | D        | Reached XP level 4. HP: 39/39 MP: 1/7
    72 | D        | Reached skill level 5 in Stealth
   159 | D        | Noticed a water elemental
   173 | D        | Gained mutation: You are resistant to electric shocks.
                  | (rElec) [potion of mutation]
   173 | D        | Gained mutation: Your natural rate of healing is unusually
                  | fast. [potion of mutation]
   173 | D        | Gained mutation: You are dopey. (Int -2) [potion of
                  | mutation]
   173 | D        | Gained mutation: Your movements are slightly less
                  | encumbered by armour. (ER -2) [potion of mutation]
   196 | D        | Killed a water elemental
   197 | D        | Reached XP level 5. HP: 46/46 MP: 8/10
   199 | D        | Found a radiant altar of Vehumet.
   199 | D        | Found a shimmering blue altar of Sif Muna.
   199 | D        | Found an ancient bone altar of Kikubaaqudgha.
   219 | D        | Found a glowing silver altar of Zin.
   219 | D        | Found a glowing golden altar of the Shining One.
   219 | D        | Found a white marble altar of Elyvilon.
   220 | D        | Noticed a deep elf pyromancer
   222 | D        | Noticed a fire elemental
   222 | D        | Noticed a fire elemental
   224 | D        | Noticed a fire elemental
   227 | D        | Slain by a fire elemental

Table legend: (Time is in decaauts)
 A = Elapsed time spent in this place.
 B = Non-inter-level travel time spent in this place.
 C = Inter-level travel time spent in this place.
 D = Time resting spent in this place.
 E = Time spent auto-exploring this place.
 F = Levels seen in this place.
 G = Mean time per level.
                   A        B        C        D        E       F      G
               +--------+--------+--------+--------+--------+-----+--------+
         Total |    236 |    236 |      0 |     64 |     70 |   1 |  236.0 |
       Dungeon |    236 |    236 |      0 |     64 |     70 |   1 |  236.0 |
               +--------+--------+--------+--------+--------+-----+--------+

Top non-repeatable levels by time:
       D: 236 daAuts

Table legend:
 A = Kills in this place as a percentage of kills in entire the game.
 B = Kills by you in this place as a percentage of kills by you in the entire game.
 C = Kills by friends in this place as a percentage of kills by friends in the entire game.
 D = Other kills in this place as a percentage of other kills in the entire game.
 E = Experience gained in this place as a percentage of experience gained in the entire game.
 F = Experience gained in this place divided by the number of levels of this place that you have seen.
                   A       B       C       D       E      F
               +-------+-------+-------+-------+-------+----------------------
         Total | 100.0 | 100.0 |   N/A |   N/A | 100.0 | 269.0
       Dungeon | 100.0 | 100.0 |   N/A |   N/A | 100.0 | 269.0
               +-------+-------+-------+-------+-------+----------------------

Action                   |  1- 3 |  4- 6 || total
-------------------------+-------+-------++-------
Melee: Dagger            |    13 |    21 ||    34
       Bite              |     1 |     2 ||     3
  Use: Potion            |     2 |     2 ||     4
       Scroll            |     1 |       ||     1
 Stab: Sleeping          |     3 |     3 ||     6
Armor: Robe              |       |     2 ||     2
Dodge: Dodged            |     7 |    20 ||    27

Vanquished Creatures
  A water elemental (D)
  A scorpion (D)
  A wizard (D)
  A human (D)
  A kobold demonologist (D)
  4 rats (D)
9 creatures vanquished.
